APL (24 & UNDER)
BEAVERTON BRONZE SOULS @ DUNEDIN BLUE JAYS
08/21/2025
 
TOP OF THE 1ST
Beaverton Bronze Souls batting - Pitching for Dunedin Blue Jays : RHP John Robinson
Pitching: RHP John Robinson
Batting: RHB Juan Becerra 0-0: Ball
1-0: Called Strike
1-1: Ball
2-1: Ground out 1-3 (Groundball, 15)
Batting: LHB Richard Méndez 0-0: Called Strike
0-1: Called Strike
0-2: Ball
1-2: Ball
2-2: Ball
3-2: Strikes out looking
Batting: RHB Brian Dixon 0-0: Called Strike
0-1: Ball
1-1: Ball
2-1: Foul Ball, location: 2F
2-2: SINGLE (Groundball, 56D)
Batting: RHB Jim Villiers 0-0: Called Strike
0-1: Foul Ball, location: 2F
0-2: Foul Ball, location: 2F
0-2: Ball
1-2: Strikes out swinging
Top of the 1st over - 0 run(s), 1 hit(s), 0 error(s), 1 left on base; Beaverton 0 - Dunedin 0
BOTTOM OF THE 1ST
Dunedin Blue Jays batting - Pitching for Beaverton Bronze Souls : LHP Kip Manning
Pitching: LHP Kip Manning
Batting: RHB Harry Miller 0-0: Swinging Strike
0-1: Ball
1-1: Called Strike
1-2: Foul Ball, location: 2F
1-2: Ball
2-2: Ball
3-2: Foul Ball, location: 2F
3-2: SINGLE (Groundball, 56D)
Batting: RHB David Castillo 0-0: Ball
1-0: Called Strike
1-1: Foul Ball, location: 2F
1-2: Foul Ball, location: 2F
1-2: Ball
2-2: Foul Ball, location: 2F
2-2: Ball
3-2: Strikes out swinging
Batting: RHB Jaime García 0-0: Ball
1-0: Called Strike
Harry Miller steals 2nd base
1-1: Called Strike
1-2: Strikes out swinging
Batting: RHB Roy Baker 0-0: Ball
1-0: Ball
2-0: SINGLE (Line Drive, 6MD)
Harry Miller to third
Runner from 3rd tries for Home, SAFE, no throw or cutoff
Batting: RHB Andrew O'Dell 0-0: Called Strike
0-1: Ball
1-1: Ball
2-1: Swinging Strike
2-2: Strikes out looking
Bottom of the 1st over - 1 run(s), 2 hit(s), 0 error(s), 1 left on base; Beaverton 0 - Dunedin 1
TOP OF THE 2ND
Beaverton Bronze Souls batting - Pitching for Dunedin Blue Jays : RHP John Robinson
Batting: LHB Chance Santry 0-0: Ball
1-0: Foul Ball, location: 2F
1-1: Ball
2-1: Ball
3-1: Ground out 4-3 (Groundball, 4S)
Batting: RHB Jaime Rodríguez 0-0: Ball
1-0: Ball
2-0: SINGLE (Line Drive, 7S)
Batting: LHB Miguel Barrón 0-0: Ball
1-0: Swinging Strike
1-1: Ball
2-1: Ball
3-1: Foul Ball, location: 2F
3-2: Strikes out swinging
Batting: LHB Howard Holder 0-0: Ball
1-0: Ball
2-0: Ball
3-0: Called Strike
3-1: Foul Ball, location: 2F
3-2: Foul Ball, location: 2F
3-2: Foul Ball, location: 2F
3-2: Base on Balls
Jaime Rodríguez to second
Batting: RHB Tom Hicks 0-0: Ground out 5-3 (Groundball, 5S)
Top of the 2nd over - 0 run(s), 1 hit(s), 0 error(s), 2 left on base; Beaverton 0 - Dunedin 1
BOTTOM OF THE 2ND
Dunedin Blue Jays batting - Pitching for Beaverton Bronze Souls : LHP Kip Manning
Batting: RHB Liam Mahoney 0-0: Called Strike
0-1: Swinging Strike
0-2: Ball
1-2: Ball
2-2: Strikes out looking
Batting: RHB Ricky White 0-0: Ball
1-0: Fly out, F8 (Flyball, 8RM)
Batting: RHB Si-xun Li 0-0: Called Strike
0-1: Ball
1-1: Foul Ball, location: 2F
1-2: Strikes out swinging
Bottom of the 2nd over - 0 run(s), 0 hit(s), 0 error(s), 0 left on base; Beaverton 0 - Dunedin 1
TOP OF THE 3RD
Beaverton Bronze Souls batting - Pitching for Dunedin Blue Jays : RHP John Robinson
Batting: RHB Juan Becerra 0-0: Ball
1-0: Ball
2-0: Ball
3-0: Called Strike
3-1: Base on Balls
Batting: LHB Richard Méndez 0-0: Ball
Juan Becerra is caught stealing 2nd base
1-0: Foul Ball, location: 2F
1-1: Ball
2-1: SINGLE (Line Drive, 89S)
Batting: RHB Brian Dixon 0-0: Swinging Strike
0-1: DOUBLE (Flyball, 89M)
Richard Méndez to third
Runner from 3rd tries for Home, SAFE, no throw or cutoff
Batting: RHB Jim Villiers 0-0: Ball
1-0: Foul Ball, location: 2F
1-1: Ball
2-1: Ball
3-1: Called Strike
3-2: Ground out 6-3 (Groundball, 6)
Pitching: RHP George Floyd
Batting: LHB Chance Santry 0-0: Called Strike
0-1: Called Strike
0-2: SINGLE (Flyball, 9S)
Brian Dixon to third
Runner from 3rd tries for Home, SAFE, no throw or cutoff
Batting: RHB Jaime Rodríguez 0-0: Fielders Choice at 2nd, U6 (Groundball, 6M)
Top of the 3rd over - 2 run(s), 3 hit(s), 0 error(s), 1 left on base; Beaverton 2 - Dunedin 1
BOTTOM OF THE 3RD
Dunedin Blue Jays batting - Pitching for Beaverton Bronze Souls : LHP Kip Manning
Batting: RHB José Carlos Santos 0-0: Called Strike
0-1: Ball
1-1: Ground out 4-3 (Groundball, 4)
Batting: RHB Harry Miller 0-0: Ball
1-0: Ball
2-0: Foul Ball, location: 2F
2-1: Reached on error, E5 (Groundball, 5L)
Batting: RHB David Castillo 0-0: Ball
1-0: Foul Ball, location: 2F
1-1: Ball
2-1: Ball
Wild Pitch!
Harry Miller to second
3-1: Foul Ball, location: 2F
3-2: Fly out, F8 (Flyball, 78M)
Batting: RHB Jaime García 0-0: Ball
1-0: Fly out, F8 (Line Drive, 8RM)
Bottom of the 3rd over - 0 run(s), 0 hit(s), 1 error(s), 1 left on base; Beaverton 2 - Dunedin 1
TOP OF THE 4TH
Beaverton Bronze Souls batting - Pitching for Dunedin Blue Jays : RHP George Floyd
Batting: LHB Miguel Barrón 0-0: Called Strike
0-1: Ball
1-1: Ball
2-1: Fly out, F8 (Flyball, 8LM)
Batting: LHB Howard Holder 0-0: Called Strike
0-1: Ball
1-1: Swinging Strike
1-2: Strikes out swinging
Batting: RHB Tom Hicks 0-0: Called Strike
0-1: Called Strike
0-2: Ball
1-2: Fly out, F6 (Line Drive, 6D)
Top of the 4th over - 0 run(s), 0 hit(s), 0 error(s), 0 left on base; Beaverton 2 - Dunedin 1
BOTTOM OF THE 4TH
Dunedin Blue Jays batting - Pitching for Beaverton Bronze Souls : LHP Kip Manning
Batting: RHB Roy Baker 0-0: Ball
1-0: Called Strike
1-1: Fly out, F9 (Line Drive, 89S)
Batting: RHB Andrew O'Dell 0-0: Ball
1-0: Fly out, F7 (Flyball, 7M)
Batting: RHB Liam Mahoney 0-0: Ball
1-0: Ball
2-0: Called Strike
2-1: Fly out, F9 (Flyball, 9S)
Bottom of the 4th over - 0 run(s), 0 hit(s), 0 error(s), 0 left on base; Beaverton 2 - Dunedin 1
TOP OF THE 5TH
Beaverton Bronze Souls batting - Pitching for Dunedin Blue Jays : RHP George Floyd
Batting: RHB Juan Becerra 0-0: Ball
1-0: Called Strike
1-1: Ball
2-1: Foul Ball, location: 2F
2-2: Fly out, F9 (Flyball, 9S)
Pitching: RHP Jesús Ortíz
Batting: LHB Richard Méndez 0-0: Called Strike
0-1: Ball
1-1: Ball
2-1: Ball
3-1: Called Strike
3-2: Foul Ball, location: 2F
3-2: Foul Ball, location: 2F
3-2: Foul Ball, location: 2F
3-2: Foul Ball, location: 2F
3-2: SINGLE (Line Drive, 7S)
Batting: RHB Brian Dixon 0-0: SINGLE (Groundball, 4D)
Richard Méndez to second
Runner from 2nd tries for 3rd, SAFE, no throw or cutoff
Batting: RHB Jim Villiers 0-0: Ball
1-0: Foul Ball, location: 2F
1-1: Swinging Strike
1-2: Foul Ball, location: 2F
1-2: Ball
2-2: Foul Ball, location: 2F
2-2: Ball
3-2: Strikes out looking
Batting: LHB Chance Santry 0-0: Called Strike
0-1: Ball
1-1: Foul Ball, location: 2F
1-2: Foul Ball, location: 2F
1-2: SINGLE (Groundball, 34D)
Richard Méndez scores
Brian Dixon to second
Runner from 2nd tries for 3rd, SAFE, throw made to third
Chance Santry to second
Pitching: RHP Cliff Long
Batting: RHB Jaime Rodríguez 0-0: Called Strike
0-1: Foul Ball, location: 2F
0-2: Ball
1-2: Ball
2-2: Ball
3-2: Base on Balls
Batting: LHB Miguel Barrón 0-0: SINGLE (Flyball, 89S)
Brian Dixon scores
Chance Santry to third
Jaime Rodríguez to second
Runner from 3rd tries for Home, SAFE, no throw or cutoff
Batting: LHB Howard Holder 0-0: Ball
1-0: Ball
2-0: Fly out, F8 (Flyball, 8RD)
Top of the 5th over - 3 run(s), 4 hit(s), 0 error(s), 2 left on base; Beaverton 5 - Dunedin 1
BOTTOM OF THE 5TH
Dunedin Blue Jays batting - Pitching for Beaverton Bronze Souls : LHP Kip Manning
Batting: RHB Ricky White 0-0: Called Strike
0-1: Foul Ball, location: 2F
0-2: Strikes out swinging
Batting: RHB Si-xun Li 0-0: Ball
1-0: Foul Ball, location: 2F
1-1: Ground out 6-3 (Groundball, 6M)
Batting: RHB José Carlos Santos 0-0: Ball
1-0: Swinging Strike
1-1: Foul Ball, location: 2F
1-2: Strikes out swinging
Bottom of the 5th over - 0 run(s), 0 hit(s), 0 error(s), 0 left on base; Beaverton 5 - Dunedin 1
TOP OF THE 6TH
Beaverton Bronze Souls batting - Pitching for Dunedin Blue Jays : RHP Cliff Long
Batting: RHB Tom Hicks 0-0: Ball
1-0: Fly out, F4 (Popup, 34)
Batting: RHB Juan Becerra 0-0: Ball
1-0: Called Strike
1-1: Ball
2-1: Ball
3-1: Swinging Strike
3-2: Strikes out looking
Batting: LHB Richard Méndez 0-0: Swinging Strike
0-1: Ground out 6-3 (Groundball, 56)
Top of the 6th over - 0 run(s), 0 hit(s), 0 error(s), 0 left on base; Beaverton 5 - Dunedin 1
BOTTOM OF THE 6TH
Dunedin Blue Jays batting - Pitching for Beaverton Bronze Souls : LHP Kip Manning
Batting: RHB Harry Miller 0-0: Ball
1-0: Swinging Strike
1-1: Foul Ball, location: 2F
1-2: DOUBLE (Flyball, 9LM)
Batting: RHB David Castillo 0-0: Ball
1-0: Called Strike
1-1: Ball
2-1: Ball
3-1: Swinging Strike
3-2: Base on Balls
Batting: RHB Jaime García 0-0: Called Strike
0-1: Called Strike
0-2: Ball
1-2: Strikes out swinging
Pitching: RHP Roberto Carbaja
Batting: RHB Roy Baker 0-0: Ball
1-0: Swinging Strike
1-1: SINGLE (Groundball, 6MD)
Harry Miller to third
David Castillo to second
Runner from 3rd tries for Home, SAFE, no throw or cutoff
Batting: RHB Andrew O'Dell 0-0: Foul Ball, location: 2F
0-1: Called Strike
0-2: Foul Ball, location: 2F
0-2: Strikes out swinging
Batting: RHB Liam Mahoney 0-0: Foul Ball, location: 2F
0-1: Swinging Strike
0-2: Ball
1-2: Foul Ball, location: 2F
1-2: Strikes out swinging
Bottom of the 6th over - 1 run(s), 2 hit(s), 0 error(s), 2 left on base; Beaverton 5 - Dunedin 2
TOP OF THE 7TH
Beaverton Bronze Souls batting - Pitching for Dunedin Blue Jays : RHP Cliff Long
Pitching: RHP Cliff Wolfe
Batting: RHB Brian Dixon 0-0: Foul Ball, location: 2F
0-1: DOUBLE (Flyball, 8LXD)
Batting: RHB Jim Villiers 0-0: Ball
1-0: Called Strike
1-1: Fly out, F4 (Popup, 3DF)
Batting: LHB Chance Santry 0-0: Intentional Walk
Batting: RHB Jaime Rodríguez 0-0: Ball
1-0: Swinging Strike
1-1: Ball
2-1: Foul Ball, location: 2F
2-2: SINGLE (Line Drive, 7S)
Brian Dixon to third
Chance Santry to second
Batting: LHB Miguel Barrón 0-0: Grounds into double play, 5-4-3 (Groundball, 56)
Top of the 7th over - 0 run(s), 2 hit(s), 0 error(s), 2 left on base; Beaverton 5 - Dunedin 2
BOTTOM OF THE 7TH
Dunedin Blue Jays batting - Pitching for Beaverton Bronze Souls : RHP Roberto Carbaja
Batting: RHB Ricky White 0-0: Ball
1-0: Called Strike
1-1: Ball
2-1: Foul Ball, location: 2F
2-2: Fly out, F8 (Flyball, 8LM)
Batting: RHB Si-xun Li 0-0: Ball
1-0: Ball
2-0: Ground out 5-3 (Groundball, 5)
Batting: RHB José Carlos Santos 0-0: Ball
1-0: Swinging Strike
1-1: Foul Ball, location: 2F
1-2: Fly out, F8 (Flyball, 8RM)
Bottom of the 7th over - 0 run(s), 0 hit(s), 0 error(s), 0 left on base; Beaverton 5 - Dunedin 2
TOP OF THE 8TH
Beaverton Bronze Souls batting - Pitching for Dunedin Blue Jays : RHP Cliff Wolfe
Batting: LHB Howard Holder 0-0: Ball
1-0: Swinging Strike
1-1: Foul Ball, location: 2F
1-2: Strikes out looking
Batting: RHB Tom Hicks 0-0: Foul Ball, location: 2F
0-1: Foul Ball, location: 2F
0-2: Ball
1-2: SOLO HOME RUN (Flyball, 7D), Distance : 402 ft
Pitching: RHP Ralph Miller
Batting: RHB Juan Becerra 0-0: Ball
1-0: Swinging Strike
1-1: Swinging Strike
1-2: Ball
2-2: Foul Ball, location: 2F
2-2: Strikes out swinging
Batting: LHB Richard Méndez 0-0: Called Strike
0-1: Foul Ball, location: 2F
0-2: Ball
1-2: SINGLE (Groundball, 4)
Batting: RHB Brian Dixon 0-0: Ball
1-0: Called Strike
1-1: Called Strike
1-2: Ball
2-2: Foul Ball, location: 2F
2-2: Ball
3-2: Base on Balls
Richard Méndez to second
Batting: RHB Jim Villiers 0-0: Ball
Brian Dixon is caught stealing 2nd base
Top of the 8th over - 1 run(s), 2 hit(s), 0 error(s), 0 left on base; Beaverton 6 - Dunedin 2
BOTTOM OF THE 8TH
Dunedin Blue Jays batting - Pitching for Beaverton Bronze Souls : RHP Roberto Carbaja
Batting: RHB Harry Miller 0-0: Swinging Strike
0-1: Ball
1-1: Swinging Strike
1-2: Ball
2-2: Ball
3-2: Foul Ball, location: 2F
3-2: Base on Balls
Batting: RHB David Castillo 0-0: Called Strike
0-1: Swinging Strike
0-2: Ball
Passed Ball!
Harry Miller to second
1-2: Foul Ball, location: 2F
1-2: Foul Ball, location: 2F
1-2: Ball
2-2: SINGLE (Line Drive, 56)
Harry Miller to third
Runner from 3rd tries for Home, SAFE, no throw or cutoff
Pitching: LHP Mike Stevens
Batting: RHB Jaime García 0-0: Called Strike
0-1: Called Strike
0-2: Grounds into double play, U6-3 (Groundball, 6)
Batting: RHB Roy Baker 0-0: Foul Ball, location: 2F
0-1: Ball
1-1: Called Strike
1-2: Strikes out swinging
Bottom of the 8th over - 1 run(s), 1 hit(s), 0 error(s), 0 left on base; Beaverton 6 - Dunedin 3
TOP OF THE 9TH
Beaverton Bronze Souls batting - Pitching for Dunedin Blue Jays : RHP Ralph Miller
Batting: RHB Jim Villiers 0-0: Called Strike
0-1: Called Strike
0-2: Foul Ball, location: 2F
0-2: Ball
1-2: Strikes out swinging
Pitching: RHP Enrique Paredes
Batting: LHB Chance Santry 0-0: Ball
1-0: Called Strike
1-1: Called Strike
1-2: Ball
2-2: Ball
3-2: Strikes out swinging
Batting: RHB Jaime Rodríguez 0-0: Foul Ball, location: 2F
0-1: Ground out 2-3 (Groundball, 25)
Top of the 9th over - 0 run(s), 0 hit(s), 0 error(s), 0 left on base; Beaverton 6 - Dunedin 3
BOTTOM OF THE 9TH
Dunedin Blue Jays batting - Pitching for Beaverton Bronze Souls : LHP Mike Stevens
Pitching: RHP Taylor Bowen
Batting: RHB Andrew O'Dell 0-0: Called Strike
0-1: Foul Ball, location: 2F
0-2: Fly out, F8 (Flyball, 8LS)
Batting: RHB Liam Mahoney 0-0: Called Strike
0-1: Ball
1-1: Swinging Strike
1-2: Ball
2-2: Ball
3-2: Strikes out swinging
Batting: RHB Ricky White 0-0: Ball
1-0: Called Strike
1-1: Fly out, F9 (Flyball, 89M)
Bottom of the 9th over - 0 run(s), 0 hit(s), 0 error(s), 0 left on base; Beaverton 6 - Dunedin 3
This league is powered by Out of the Park Baseball, the baseball management simulation game for PC, Mac and Linux
Tuesday, August 2nd, 2016 - OOTP Baseball 16.8 Build 38